 Dungeon Crawl Stone Soup version 0.15-a0-1363-g87d8b17 (webtiles) character file.

3788 SpectralSocks the Basher (level 9, 0/83 HPs)
             Began as a Minotaur Fighter on June 9, 2014.
             Was a Priest of Okawaru.
             Killed from afar by an electric eel (13 damage)
             ... with a bolt of electricity
             ... on Level 8 of the Dungeon.
             The game lasted 00:39:31 (7665 turns).

SpectralSocks the Basher (Minotaur Fighter)         Turns: 7665, Time: 00:39:31

HP   0/83        AC 17     Str 24      XL: 9   Next: 95%
MP   4/4         EV  6     Int  5      God: Okawaru [***...]
Gold 593         SH 11     Dex 11      Spells:  0 memorised,  8 levels left

rFire  . . .     SeeInvis .     a - +0,+1 flail
rCold  . . .     Clarity  +     e - +3 chain mail {rPois}
rNeg   . . .     rCorr    .     c - +0 shield (curse)
rPois  +         rRot     .     (helmet restricted)
rElec  .         Spirit   .     p - +2 cloak {rPois}
SustAb .         Warding  .     (no gloves)
rMut   .         Stasis   .     (no boots)
Gourm  .                        z - amulet of clarity
MR     .....                    E - cursed +1 ring of dexterity
                                n - ring of poison resistance

@: not resistant to hostile enchantments, extremely unstealthy
A: retaliatory headbutt, horns 2
a: Heroism, Renounce Religion


You were on level 8 of the Dungeon.
You worshipped Okawaru.
Okawaru was most pleased with you.
You were very hungry.

You visited 2 branches of the dungeon, and saw 9 of its levels.

You collected 593 gold pieces.

Inventory:

Hand weapons
 a - a +0,+1 flail (weapon)
 x - a +0,+0 whip
Armour
 b - a +0 scale mail
 c - a cursed +0 shield (worn)
 e - a +3 chain mail of poison resistance (worn)
 g - a +0 chain mail
 p - a +2 cloak of poison resistance (worn)
 r - a +0 plate armour
Magical devices
 m - a wand of fireball (3)
 o - a wand of digging (9)
 v - a wand of digging (9)
 C - a wand of confusion (20) {unknown}
 J - a wand of hasting (3)
Comestibles
 d - 6 bread rations
 k - 3 meat rations
 H - 2 slices of pizza
Scrolls
 h - 6 scrolls of identify
 i - 5 scrolls of remove curse
 l - a scroll of blinking
 q - 3 scrolls of teleportation
 s - a scroll of enchant armour
 u - a scroll of fog
 y - a scroll of random uselessness {unknown}
 F - a scroll of immolation
Jewellery
 n - a ring of poison resistance (left hand)
 z - an amulet of clarity (around neck)
 B - a -6 ring of protection
 E - a cursed +1 ring of dexterity (right hand)
 I - an uncursed ring of fire
Potions
 f - 3 potions of curing
 j - a potion of brilliance
 t - a potion of haste
 D - a potion of degeneration
Books
 w - a book of Power

   Spells                             Type                      Level
   Fulminant Prism                    Conjuration/Hexes            4
   Iskenderun's Mystic Blast          Conjuration                  4
   Venom Bolt                         Conjuration/Poison           5
   Bolt of Magma                      Conjuration/Fire/Earth       5
   Iron Shot                          Conjuration/Earth            6
   Orb of Destruction                 Conjuration                  7
 A - a book of Wizardry

   Spells                             Type                      Level
   Agony                              Necromancy                   5
   Force Lance                        Conjuration                  5
   Dispersal                          Translocation                6
   Haste                              Charms                       6
   Invisibility                       Hexes                        6
   Spellforged Servitor               Conjuration/Summoning        7
 G - a book of Geomancy

   Spells                             Type                      Level
   Sandblast                          Earth                        1
   Stoneskin                          Transmutation/Earth          2
   Passwall                           Transmutation/Earth          3
   Stone Arrow                        Conjuration/Earth            3
   Petrify                            Transmutation/Earth          4
   Lee's Rapid Deconstruction         Earth                        5


   Skills:
 * Level 9.1 Fighting
 * Level 9.8 Maces & Flails
 + Level 8.1 Armour
 + Level 4.9 Dodging
 + Level 0.6 Stealth
 + Level 7.7 Shields
 + Level 0.4 Invocations
 + Level 0.4 Evocations


You had 8 spell levels left.
You didn't know any spells.

Dungeon Overview and Level Annotations

Branches:
Dungeon (8/15)             Temple (1/1) D:4            Lair (0/8) D:8

Altars:
Ashenzari
Cheibriados
Dithmenos
Elyvilon
Fedhas
Gozag
Kikubaaqudgha
Makhleb
Nemelex Xobeh
Okawaru
Qazlal
Sif Muna
Trog
Vehumet
Xom
Yredelemnul
Zin
The Shining One


Innate Abilities, Weirdness & Mutations

You reflexively headbutt those who attack you in melee.
You have a pair of horns on your head.


Message History

You closely miss the ice beast.
You headbutt the ice beast, but do no damage.
The ice beast is almost dead.
You sock the ice beast!
You kill the ice beast!
Okawaru accepts your kill.
You enter the shallow water.
Moving in this stuff is going to be slow.
You see here a club.
You start resting.
You closely miss the electric eel.
The electric eel shoots out a bolt of electricity!
The bolt of electricity hits you! x2
* * * LOW HITPOINT WARNING * * *
You completely miss the electric eel.
The electric eel shoots out a bolt of electricity!
The bolt of electricity hits you!
* * * LOW HITPOINT WARNING * * *
The bolt of electricity hits you!
You die...

.....#.. ##.#..###...#
........ ##.##.......#
........ #..######.###
..{≈≈≈... #...#######
.≈...≈≈≈. #......#
≈≈≈≈;...? #......#
≈≈≈≈≈≈≈≈ #..#...# .≈≈≈...≈
#.;≈.########
≈≈≈≈≈≈.....≈≈≈≈#@.........
≈≈..... .......#####.####.
.....# ......# .≈ .####
....## ≈≈# .# ... . .


You could see an electric eel.

Vanquished Creatures
  Grinder (D:4)
  A two-headed ogre (D:8)
  The ghost of Quh the Cudgeler, an average DsAK of Lugonu (D:3)
  An ugly thing (D:8)
  2 wolves (D:8)
  A yak (D:8)
  2 hungry ghosts
  A sky beast (D:8)
  A phantom (D:8)
  4 ogres
  5 ice beasts
  A gnoll sergeant (D:8)
  A centaur (D:7)
  A giant frog (D:6)
  An eye of draining (D:8)
  An electric eel (D:8)
  5 crimson imps
  2 goliath beetles (D:6)
  A jelly (D:4)
  2 orc wizards
  Crazy Yiuf (D:2)
  A gnoll shaman (D:4)
  An orc priest (D:3)
  7 worker ants
  An iguana (D:5)
  A hippogriff simulacrum (D:8)
  An ogre zombie (D:8)
  Ijyb (D:2)
  3 ogre skeletons
  A mummy (D:6)
  A crocodile simulacrum (D:8)
  9 gnolls
  11 adders
  An orc zombie (D:7)
  4 worms
  An inept item mimic (D:3)
  2 ufetubi (D:8)
  An iguana skeleton (D:4)
  4 giant geckos
  2 oozes
  16 orcs
  4 ball pythons
  A bat zombie (D:5)
  3 giant cockroaches
  8 hobgoblins
  14 bats
  2 giant newts
  10 goblins
  3 hobgoblin zombies (D:6)
  6 jackals
  A jackal zombie (D:7)
  9 kobolds
  A kobold zombie (D:6)
  12 rats
  A rat zombie (D:7)
180 creatures vanquished.

Notes
Turn   | Place    | Note
--------------------------------------------------------------
     0 | D:1      | SpectralSocks, the Minotaur Fighter, began the quest for the Orb.
     0 | D:1      | Reached XP level 1. HP: 19/19 MP: 1/1
   159 | D:1      | Reached XP level 2. HP: 27/27 MP: 1/1
   360 | D:1      | Reached skill level 4 in Armour
   509 | D:2      | Reached XP level 3. HP: 31/33 MP: 2/2
   566 | D:2      | Noticed Crazy Yiuf
   572 | D:2      | Killed Crazy Yiuf
   904 | D:2      | Reached XP level 4. HP: 36/40 MP: 2/2
   958 | D:2      | Found an opulent altar of Gozag.
   963 | D:2      | Found a radiant altar of Vehumet.
   978 | D:2      | Found a shadowy altar of Dithmenos.
  1135 | D:2      | Found a glowing golden altar of the Shining One.
  1233 | D:2      | Reached skill level 1 in Dodging
  1447 | D:3      | Noticed Ijyb
  1654 | D:2      | Killed Ijyb
  1820 | D:3      | Reached XP level 5. HP: 47/47 MP: 2/2
  1956 | D:3      | Found a shattered altar of Ashenzari.
  2114 | D:3      | Noticed Quh's ghost (average DsAK)
  2215 | D:2      | Reached skill level 5 in Armour
  2458 | D:3      | Killed Quh's ghost
  2458 | D:3      | Reached skill level 5 in Fighting
  2458 | D:3      | Reached skill level 5 in Shields
  2458 | D:3      | Reached XP level 6. HP: 52/56 MP: 3/3
  2705 | D:4      | Noticed Grinder
  2728 | D:4      | Paralysed by Grinder for 2 turns
  2735 | D:4      | Killed Grinder
  2735 | D:4      | Reached skill level 5 in Maces & Flails
  2735 | D:4      | Reached skill level 6 in Armour
  2735 | D:4      | Reached XP level 7. HP: 45/61 MP: 3/3
  2817 | D:4      | Found a staircase to the Ecumenical Temple.
  2824 | Temple   | Entered the Ecumenical Temple
  2825 | Temple   | Noticed a shark
  2867 | Temple   | Became a worshipper of Warmaster Okawaru
  3653 | D:5      | Entered Level 5 of the Dungeon
  3892 | D:5      | Reached XP level 8. HP: 41/70 MP: 3/3
  3894 | D:5      | Acquired Okawaru's first power
  4649 | D:6      | Reached skill level 7 in Fighting
  5607 | D:7      | Reached skill level 8 in Maces & Flails
  6216 | D:7      | Reached XP level 9. HP: 79/79 MP: 4/4
  6416 | D:8      | Noticed a six-headed hydra
  6483 | D:8      | HP: 3/80 [sky beast (5)]
  6867 | D:8      | Found a staircase to the Lair.
  6875 | D:8      | Reached skill level 9 in Maces & Flails
  6892 | D:8      | Found a glowing silver altar of Zin.
  7665 | D:8      | Killed from afar by an electric eel

Action                   |  1- 3 |  4- 6 |  7- 9 || total
-------------------------+-------+-------+-------++-------
Melee: Flail             |    53 |   141 |   477 ||   671
Invok: Heroism           |       |       |     2 ||     2
Evoke: Wand              |       |       |     3 ||     3
  Use: Potion            |       |     1 |    10 ||    11
       Scroll            |       |       |    12 ||    12
